 Dungeon Crawl Stone Soup version 0.31-a0-963-ga325b2283a (webtiles) character file.

Game seed: 8897839343290594081

756 Maxmaps the Covert (level 7, -1/48 HPs)
             Began as an Octopode Monk on Oct 25, 2023.
             Was an Initiate of Gozag.
             Slain by Duvessa
             ... wielding a +0 short sword
              (2 damage)
             ... on level 5 of the Dungeon.
             The game lasted 00:04:26 (4055 turns).

Maxmaps the Covert (Octopode Monk)                  Turns: 4055, Time: 00:04:26

Health: -1/48      AC:  1    Str: 10      XL:     7   Next: 79%
Magic:  7/7        EV: 14    Int: 15      God:    Gozag
Gold:   425        SH:  4    Dex: 13 (14) Spells: 6/6 levels left

rFire   . . .        e - +1 flail (drain)
rCold   . . .        k - +0 buckler
rNeg    . . .        (helmet restricted)
rPois   .            (no amulet)
rElec   .            l - ring of see invisible
rCorr   .            (no ring)
SInv    +            (no ring)
Will    .....        (no ring)
Stlth   +++++        (no ring)
HPRegen 0.28/turn    (no ring)
MPRegen 0.10/turn    (no ring)
                     (no ring)

%: no passive effects
@: no status effects
A: almost no armour, amphibious, 8 rings, camouflage 1, gelatinous body 1,
(nimble swimmer 1), tentacles
a: Renounce Religion, Potion Petition, Call Merchant, Bribe Branch


You were on level 5 of the Dungeon.
You worshipped Gozag.
Gozag was aware of your devotion.
You visited 1 branch of the dungeon, and saw 5 of its levels.

You collected 425 gold pieces.

Inventory:

Hand Weapons
 e - a +1 flail of draining (weapon)
Missiles
 i - 2 throwing nets
Armour
 b - an orb of light
 k - a +0 buckler (worn)
Jewellery
 j - a ring of fire
 l - a ring of see invisible (left tentacle)
 s - a +4 ring of slaying
Talismans
 d - a blade talisman
Wands
 p - a wand of quicksilver (9)
 q - a wand of iceblast (13)
Scrolls
 c - a scroll of vulnerability {unknown}
 f - 2 scrolls of identify {unknown}
 g - a scroll of summoning {unknown}
 h - 4 scrolls of fog {unknown}
 m - 2 scrolls of blinking {unknown}
 n - a scroll of noise {unknown}
Potions
 a - 2 potions of ambrosia


   Skills:
 - Level 4.0 Fighting
 + Level 2.4 Maces & Flails
 - Level 5.5 Dodging
 - Level 8.1 Stealth
 - Level 3.0 Unarmed Combat


You had 6 spell levels left.
You didn't know any spells.
Your spell library was empty.

Dungeon Overview and Level Annotations

Branches:
Dungeon (5/15)             Temple (0/1) D:5

Altars:
Dithmenos
Gozag
Makhleb
Okawaru
Trog

Shops:
D:4 (

Portals:
Abyss: D:4

Annotations:
D:4 2 transporters, Forgeling's ghost, amateur OpEE
D:5 Dowan; Duvessa


Innate Abilities, Weirdness & Mutations

You cannot wear most types of armour.
You are amphibious.
You can wear up to eight rings at the same time.
Your skin changes colour to match your surroundings (Stealth+).
Your rubbery body absorbs attacks. (AC +1, EV +1)
((You are camouflaged when in or above water. (Stealth+)))
You have tentacles for arms and can constrict up to eight enemies at once.


Message History

You squeeze Duvessa, but do no damage.
Duvessa is lightly wounded.
You constrict Duvessa, but do no damage.
Duvessa closely misses you. Duvessa completely misses you.
You hit Duvessa. You drain Duvessa.
Duvessa is moderately wounded.
You constrict Duvessa, but do no damage.
Duvessa misses you. Duvessa hits you with a +0 short sword.
Unknown command.
You hit Duvessa but do no damage.
Duvessa is moderately wounded.
You constrict Duvessa.
Duvessa hits you with a +0 short sword. x2
* * * LOW HITPOINT WARNING * * *
You hit Duvessa.
Duvessa is heavily wounded.
You constrict Duvessa. Duvessa closely misses you.
Dowan gestures wildly while chanting.
Dowan blinks!
You block Duvessa's attack.
You hit Duvessa but do no damage.
Duvessa is heavily wounded.
You constrict Duvessa, but do no damage.
Duvessa hits you with a +0 short sword.
* * * LOW HITPOINT WARNING * * *
Duvessa hits you with a +0 short sword.
* * * LOW HITPOINT WARNING * * *
Okay, then.
Okay, then.
Okay, then.
You hit Duvessa. You drain Duvessa. You squeeze Duvessa, but do no damage.
Duvessa is almost dead.
You constrict Duvessa. Duvessa barely misses you. You block Duvessa's attack.
You hit Duvessa. You squeeze Duvessa.
Duvessa is almost dead.
You constrict Duvessa.
Duvessa says, "My weaknesses are his strengths!"
Duvessa hits you with a +0 short sword.
* * * LOW HITPOINT WARNING * * *
Duvessa hits you with a +0 short sword.
You die...
Your body crumbles into a pile of gold.

#.##.## #[# #.#
#.##.# ######.#
#.#
#..#.###......#
.#
#........######
#' #..#.#####
S.⌠####.##.#
.>.'....##.###
⌠.⌠####......#
## #...@e.#
#$.###.# #..##
#.. #..# ...
#..# ### #...
####


You could see Duvessa (fast, very drained).

Vanquished Creatures
  Sigmund (D:3)
  A sky beast (D:4)
  A centaur (D:5)
  A gnoll sergeant (D:5)
  3 scorpions (D:4)
  Crazy Yiuf (D:3)
  4 gnolls (D:5)
  2 adders
  2 worms
  A dart slug (D:4)
  An orc (D:5)
  6 ball pythons
  5 endoplasms
  4 giant cockroaches
  7 goblins
  12 hobgoblins
  8 jackals
  3 quokkas
  6 bats
  2 frilled lizards
  8 kobolds
  6 rats
85 creatures vanquished.

Notes
Turn   | Place    | Note
-------+----------+-------------------------------------------
     0 | D:1      | Maxmaps the Octopode Monk began the quest for the Orb.
     0 | D:1      | Reached XP level 1. HP: 16/16 MP: 1/1
    58 | D:1      | Reached skill level 1 in Stealth
    80 | D:1      | Reached skill level 2 in Stealth
    89 | D:1      | Reached XP level 2. HP: 16/21 MP: 2/2
   183 | D:1      | Reached skill level 3 in Stealth
   424 | D:1      | Reached XP level 3. HP: 26/26 MP: 3/3
   663 | D:1      | Reached skill level 4 in Stealth
  1468 | D:3      | Found a burning altar of Makhleb.
  1470 | D:3      | Identified the +0 ring mail "Bavvos" {rElec Slay+2}
  1479 | D:3      | Found an opulent altar of Gozag.
  1498 | D:3      | Found a shadowy altar of Dithmenos.
  1503 | D:3      | Became a worshipper of Gozag Ym Sagoz the Greedy
  1530 | D:3      | Noticed Sigmund
  1532 | D:3      | Found an iron altar of Okawaru.
  1541 | D:3      | Killed Sigmund
  1542 | D:3      | Reached skill level 7 in Stealth
  1542 | D:3      | Reached XP level 4. HP: 29/33 MP: 4/4
  1542 | D:3      | Reached XP level 5. HP: 33/37 MP: 5/5
  1898 | D:3      | Reached XP level 6. HP: 43/43 MP: 6/6
  2060 | D:3      | Found a runed translucent door.
  2061 | D:3      | Noticed Crazy Yiuf
  2181 | D:3      | Killed Crazy Yiuf
  2393 | D:4      | Found a transporter.
  2408 | D:4      | Reached skill level 8 in Stealth
  2538 | D:4      | Found a one-way gate to the infinite horrors of the Abyss.
  2538 | D:4      | Noticed Forgeling's ghost (amateur OpEE)
  2630 | D:4      | Noticed a small abomination
  2683 | D:4      | Noticed a sky beast
  2704 | D:4      | Killed a sky beast
  2915 | D:4      | Found Juchuur's Weapon Shop.
  2936 | D:4      | Reached XP level 7. HP: 28/48 MP: 7/7
  3187 | D:4      | Found a bloodstained altar of Trog.
  3314 | D:4      | Reached skill level 5 in Dodging
  3495 | D:4      | Noticed a small abomination
  3499 | D:4      | Found a transporter.
  3572 | D:5      | Entered Level 5 of the Dungeon
  3606 | D:4      | Reached skill level 1 in Maces & Flails
  4034 | D:5      | Found a staircase to the Ecumenical Temple.
  4038 | D:5      | Noticed Dowan
  4045 | D:5      | Noticed Duvessa
  4055 | D:5      | HP: 1/48 [Duvessa/+0 short sword (4)]
  4055 | D:5      | Slain by Duvessa

Illustrated notes

Levels and vault maps discovered:
D:1:      roadster_arrival_rocket_large, layout_loops_cross,
          corexii_hall_statues_i
D:2:      layout_loops_cross
D:3:      layout_basic, grunt_temple_overflow_open, okawaru_gym_becter,
          uniq_sigmund, uniq_crazy_yiuf_cottage
D:4:      layout_basic, trog_hazing_becter, serial_shops, shop,
          gammafunk_ghost_abyssal_escape
D:5:      layout_loops_ring, temple_doors_cd, biasface_ghost_orc_armoury,
          uniq_duvessa, uniq_ijyb

Skill      XL: |  1  2  3  4  5  6  7 |
---------------+----------------------+-----
Stealth        | 2 3 7 8 |  8.1
Fighting       | 4 |  4.0
Dodging        | 4 5 |  5.5
Maces & Flails | 2 |  2.4
Unarmed Combat | |  3.0

Action                     |  1- 3 |  4- 6 |  7- 9 || total
---------------------------+-------+-------+-------++-------
  Melee: Unarmed           |   101 |    85 |       ||   186
         Constrict         |    28 |    13 |    12 ||    53
         Tentacles         |    16 |    18 |    10 ||    44
         Punch             |     2 |     2 |     3 ||     7
         Flail             |       |       |    67 ||    67
    Use: Potion            |       |     5 |     3 ||     8
   Stab: Sleeping          |    16 |    12 |     3 ||    31
         Distracted        |       |     1 |       ||     1
 Armour: Skin              |    33 |    33 |    65 ||   131
  Dodge: Dodged            |    83 |    39 |    76 ||   198
  Block: Buckler           |       |       |     4 ||     4

Table legend: (Time is in decaauts)
 A = Elapsed time spent in this place.
 B = Non-inter-level travel time spent in this place.
 C = Inter-level travel time spent in this place.
 D = Time resting spent in this place.
 E = Time spent auto-exploring this place.
 F = Levels seen in this place.
 G = Mean time per level.
                   A        B        C        D        E       F      G
               +--------+--------+--------+--------+--------+-----+--------+
         Total |   4068 |   3905 |    163 |    662 |   2566 |   5 |  813.6 |
       Dungeon |   4068 |   3905 |    163 |    662 |   2566 |   5 |  813.6 |
               +--------+--------+--------+--------+--------+-----+--------+

Top non-repeatable levels by time:
     D:4: 1458 daAuts
     D:1: 837 daAuts
     D:3: 830 daAuts
     D:2: 625 daAuts
     D:5: 317 daAuts
